Map: Forêt cybernétique EC

Players

Sorandom

  • Race: Zerg Zerg
  • League: Diamond
  • Spawn Location: 11:00

Yuka - Winner!

  • Race: Zerg Zerg
  • League: Diamond
  • Spawn Location: 5:00

VOD

Have the link to the VOD?

Description

Time

  • Played on: April 9, 2019, 11:41 a.m.
  • Length: 7:30
Show
View Real Time Build Order
Export as new Build Order

Sorandom Zerg 

Build Orders: Hatch First, Zergling Baneling 

Get SALT Encoding   

  12  0:03  Drone  
  13  0:12  Overlord  
  13  0:26  Drone  
  14  0:31  Drone x2  
  16  0:37  Drone  
  17  0:56  Hatchery  
  16  0:58  Drone  
  17  1:11  Spawning Pool  
  17  1:13  Extractor  
  17  1:15  Drone  
  17  1:18  Drone  
  17  1:22  Drone  
  18  1:32  Overlord  
  18  1:42  Drone  
  19  1:52  Overlord  
  19  1:57  Queen  
  21  2:04  Zergling x2  
  21  2:07  Spine Crawler  
  21  2:10  Zergling x2  
  21  2:15  Zergling x2  
  23  2:16  Metabolic Boost  
  23  2:19  Zergling x2  
  24  2:25  Zergling x2  
  25  2:32  Zergling x2  
  26  2:42  Zergling x2  
  24  2:56  Zergling x2  
  24  2:58  Queen  
  26  3:00  Zergling x2  
  27  3:06  Baneling Nest  
  26  3:21  Zergling x4  
  28  3:30  Zergling x2  
  29  3:43  Zergling x2  
  29  3:44  Hatchery  
  29  3:59  Baneling x2  
  29  4:00  Zergling x2  
  30  4:11  Zergling x6  
  28  4:19  Zergling x6  
  31  4:24  Baneling  
  31  4:25  Baneling x3  
  31  4:30  Zergling x2  
  32  4:33  Baneling  
  32  4:34  Baneling x3  
  32  4:50  Zergling x4  
  25  5:01  Drone x4  
  27  5:07  Drone  
  27  5:09  Roach Warren  
  27  5:18  Drone x2  
  29  5:27  Drone  
  30  5:30  Lair  
  30  5:37  Drone  
  30  5:38  Drone  
  30  5:42  Baneling x2  
  32  5:44  Zergling x4  
  33  5:52  Roach  
  35  6:01  Drone  
  35  6:02  Drone x3  
  39  6:04  Extractor  
  39  6:07  Roach  
  39  6:08  Overlord  
  40  6:12  Extractor  
  40  6:13  Drone  
  40  6:15  Roach  
  40  6:16  Drone  
  44  6:25  Drone  
  44  6:26  Overlord  
  44  6:30  Overlord  
  44  6:40  Drone x6  
  50  6:47  Overlord  
  50  6:57  Drone x3  
  53  7:02  Roach  
  53  7:08  Roach  
Show
View Real Time Build Order
Export as new Build Order

Yuka Zerg - Winner!

Build Orders: Pool First 

Get SALT Encoding   

  12  0:01  Drone  
  13  0:07  Extractor  
  12  0:25  Spawning Pool  
  11  0:29  Drone  
  12  0:36  Drone  
  12  0:41  Drone  
  14  0:53  Overlord  
  14  1:11  Metabolic Boost  
  14  1:13  Zergling x4  
  14  1:17  Zergling x2  
  17  1:24  Zergling x2  
  18  1:33  Queen  
  18  1:36  Zergling x2  
  21  1:45  Zergling x2  
  22  1:56  Overlord  
  22  2:02  Extractor  
  22  2:07  Drone  
  23  2:18  Zergling x2  
  24  2:23  Hatchery  
  23  2:41  Drone x2  
  22  2:56  Drone  
  22  2:57  Drone x2  
  23  3:08  Roach Warren  
  21  3:16  Drone  
  21  3:18  Overlord  
  22  3:34  Zergling x8  
  22  3:38  Zergling x2  
  22  3:40  Queen  
  28  3:49  Zergling x4  
  27  4:19  Roach  
  27  4:20  Roach x6  
  36  5:01  Drone x5  
  36  5:02  Drone  
  40  5:16  Overlord x2  
  40  5:23  Spine Crawler  
  39  5:30  Lair  
  39  5:32  Extractor  
  37  5:56  Roach x4  
  37  5:57  Roach x3  
  49  6:00  Overlord  
  49  6:01  Overlord  
  51  6:18  Queen  
  53  6:26  Ravager x2  
  53  6:28  Hatchery  
  53  6:32  Drone x3  
  57  6:48  Drone x3  
Tags
 
Add a new tag
Caveats
  • Supply blocks, unpowered buildings, or Contaminate may cause inaccurate times.
  • Supply counts are checked every 10 seconds.